 Dungeon Crawl Stone Soup version 0.30-a0-782-ge64f9170bb (webtiles) character file.

Game seed: 17852964454146897944

9461 Flugslaktarn the Severer (level 11, -3/95 HPs)
             Began as a Minotaur Fighter on Feb 18, 2023.
             Was an Initiate of Gozag.
             Slain by an 11-headed hydra (12 damage)
             ... on level 12 of the Dungeon.
             The game lasted 00:04:48 (9284 turns).

Flugslaktarn the Severer (Minotaur Fighter)         Turns: 9284, Time: 00:04:48

Health: -3/95      AC: 15    Str: 31    XL:     11   Next: 23%
Magic:  10/10      EV:  7    Int:  5    God:    Gozag
Gold:   1038       SH: 10    Dex: 10    Spells: 10/10 levels left

rFire   . . .      SeeInvis .    a - +1 war axe
rCold   . . .      Faith    .    G - +0 kite shield
rNeg    . . .      Spirit   .    s - +0 chain mail
rPois   +          Reflect  .    F - +2 hat
rElec   .          Harm     .    v - +0 cloak
rCorr   .          Rampage  .    y - +0 pair of gloves
Will    .....                    (no boots) Stlth
                                 (no amulet)
HPRegen 0.35/turn                o - ring of poison resistance
MPRegen 0.12/turn                B - +6 ring of strength

@: about to teleport
A: horns 2, retaliatory headbutt
a: Renounce Religion, Potion Petition, Call Merchant, Bribe Branch


You were on level 12 of the Dungeon.
You worshipped Gozag.
Gozag was most pleased with you.
You visited 1 branch of the dungeon, and saw 11 of its levels.

You collected 1088 gold pieces.
You paid 50 gold pieces to Gozag.

Inventory:

Hand Weapons
 a - a +1 war axe (weapon)
Missiles
 f - a throwing net (quivered)
Armour
 s - a +0 chain mail (worn)
   (You found it on level 3 of the Dungeon)
 v - a +0 cloak (worn)
   (You took it off Crazy Yiuf on level 3 of the Dungeon)
 y - a +0 pair of gloves (worn)
   (You found it on level 5 of the Dungeon)
 F - a +2 hat (worn)
   (You found it on level 9 of the Dungeon)
 G - a +0 kite shield (worn)
   (You took it off a gnoll sergeant on level 8 of the Dungeon)
Jewellery
 j - a ring of fire
   (You found it on level 6 of the Dungeon)
 o - a ring of poison resistance (left hand)
   (You found it on level 3 of the Dungeon)
 B - a +6 ring of strength (right hand)
   (You found it on level 7 of the Dungeon)
Wands
 p - a wand of mindburst (9)
   (You found it on level 4 of the Dungeon)
 x - a wand of paralysis (9)
   (You found it on level 7 of the Dungeon)
 A - a wand of iceblast (12)
   (You found it on level 7 of the Dungeon)
Scrolls
 b - 3 scrolls of immolation
 h - a scroll of enchant armour
 i - 2 scrolls of enchant weapon
 l - 2 scrolls of magic mapping
 m - 2 scrolls of fog
 n - a scroll of brand weapon
 r - a scroll of identify
 t - 3 scrolls of teleportation
 z - a scroll of blinking
 D - a scroll of poison
 E - a scroll of silence {unknown}
Potions
 c - 2 potions of attraction
 d - a potion of might
 e - 4 potions of invisibility
 g - 5 potions of mutation
 k - a potion of magic
 q - 7 potions of curing
 u - a potion of lignification
 w - 2 potions of heal wounds
 C - 2 potions of cancellation


   Skills:
 + Level 8.5 Fighting
 * Level 16.9 Axes
 + Level 8.4 Armour
 + Level 8.4 Shields
 + Level 3.4 Evocations


You had 10 spell levels left.
You didn't know any spells.
Your spell library was empty.

Dungeon Overview and Level Annotations

Branches:
Dungeon (10/15)            Temple (0/1) D:7
   Lair: D:8-11         Orc: D:9-12

Altars:
Ashenzari
Fedhas
Gozag
Hepliaklqana
Makhleb
Okawaru
Qazlal
Trog
Vehumet
Wu Jian
Xom
Yredelemnul
Zin
The Shining One

Shops:
D:3 (   D:5 *

Annotations:
D:7 3 runed translucent doors, rlgrobin's ghost, novice MeFi
D:9 1 runed translucent door, kae's ghost, novice GrEE


Innate Abilities, Weirdness & Mutations

You have a pair of horns on your head.
You reflexively headbutt those who attack you in melee.


Message History

[Y]es or [N]o only, please.
The barbs in your skin will harm you if you move.
Continue? [Y]es or [N]o only, please.
The barbs in your skin will harm you if you move.
Continue? [Y]es or [N]o only, please.
The barbs in your skin will harm you if you move.
Continue? [Y]es or [N]o only, please.
The barbs in your skin will harm you if you move.
Continue? [Y]es or [N]o only, please.
The barbs in your skin will harm you if you move.
Continue?
The barbed spikes dig painfully into your body as you move.
The manticore flicks its tail.
You block the volley of spikes.
The barbed spikes dig painfully into your body as you move.
You slash the manticore! You headbutt the manticore!
The manticore is moderately wounded.
You barely miss the manticore.
You headbutt the manticore, but do no damage.
The manticore is moderately wounded.
The manticore barely misses you. You furiously retaliate!
You headbutt the manticore. The manticore completely misses you.
You block the manticore's attack.
You completely miss the manticore.
The manticore is moderately wounded.
The manticore bites you! You block the manticore's attack.
The manticore claws you but does no damage.
You slash the manticore! You headbutt the manticore.
The manticore is heavily wounded.
The manticore bites you! The manticore claws you. The manticore claws you!
You slice the manticore!! Your headbutt misses the manticore.
The manticore is almost dead.
The manticore barely misses you. You furiously retaliate!
You headbutt the manticore.
The manticore claws you but does no damage. x2
You hit the manticore.
You kill the manticore!
No target in view!
No target in view!
The barbed spikes dig painfully into your body as you move.
You now have 1017 gold pieces (gained 15).
The barbed spikes dig painfully into your body as you move.
The barbed spikes snap loose.
You start resting.
HP restored.
Found a scroll of noise.
Found a stone staircase leading down.
Found a stone staircase leading up.
There is a stone staircase leading up here.
There is a stone staircase leading down here.
You now have 1038 gold pieces (gained 21).
q - 7 potions of curing (gained 1)
Found a club.
An eight-headed hydra comes into view.
The eight-headed hydra roars!
You chop one of the eight-headed hydra's heads off!
The seven-headed hydra grows two more!
You slash the nine-headed hydra! You headbutt the nine-headed hydra!
The nine-headed hydra is moderately wounded.
You block the nine-headed hydra's attack.
The nine-headed hydra bites you.
The nine-headed hydra bites you but does no damage.
The nine-headed hydra bites you. The nine-headed hydra bites you!
The nine-headed hydra bites you but does no damage.
You block the nine-headed hydra's attack.
The nine-headed hydra barely misses you.
The nine-headed hydra bites you!
You lop one of the nine-headed hydra's heads off!
The eight-headed hydra grows two more!
You hit the ten-headed hydra.
The ten-headed hydra is lightly wounded.
The ten-headed hydra completely misses you.
The ten-headed hydra bites you but does no damage.
The ten-headed hydra bites you. The ten-headed hydra bites you!
You block the ten-headed hydra's attack. x2
The ten-headed hydra bites you but does no damage.
The ten-headed hydra bites you! The ten-headed hydra bites you.
The ten-headed hydra bites you but does no damage.
You hack one of the ten-headed hydra's heads off!
The nine-headed hydra grows two more!
You slash the 11-headed hydra!
Your headbutt misses the 11-headed hydra.
The 11-headed hydra is lightly wounded.
The 11-headed hydra closely misses you. You furiously retaliate!
You headbutt the 11-headed hydra! You block the 11-headed hydra's attack.
The 11-headed hydra bites you. You block the 11-headed hydra's attack.
The 11-headed hydra barely misses you. The 11-headed hydra bites you!
The 11-headed hydra bites you but does no damage.
You block the 11-headed hydra's attack. x2
The 11-headed hydra barely misses you.
The 11-headed hydra bites you but does no damage.
You are too injured to fight recklessly!
As you read the scroll of teleportation, it crumbles to dust.
You feel strangely unstable. You block the 11-headed hydra's attack.
The 11-headed hydra bites you!
* * * LOW HITPOINT WARNING * * *
The 11-headed hydra bites you but does no damage.
The 11-headed hydra bites you!
* * * LOW HITPOINT WARNING * * *
The 11-headed hydra bites you!
* * * LOW HITPOINT WARNING * * *
The 11-headed hydra bites you!
You die...
Your body crumbles into a pile of gold.

#.........#
#######.##.####.#######
#.......#.............#
#.#####.#..####.#####.#
#.......#.......# #.#
#..#...........## #.#
#..#.##.######.#
####.#### #..#.##.# #.#
#.......# #.......# #@#
#.##.##.# ##.#.##.#
#...D.#.##.##.#
###......##
#.....#.##....##
#.........#
#.....#.####.#.#
#.###.###.#
#.....#.#####.## #.#
#.# #.# #.....#.......#
#.# #.###.#
#############.# #.#
#.....# #.# #.# ####..#
######.#


You could see a 11-headed hydra.

Vanquished Creatures
  Pikel (D:5)
  A manticore (D:12)
  Maurice (D:8)
  Maggie (D:8)
  Sigmund (D:2)
  A shadow (D:9)
  4 yaks (D:9)
  3 steam dragons
  An acid dragon (D:8)
  Duvessa (D:4)
  3 water moccasins
  3 sky beasts (D:6)
  2 orc warriors
  2 black bears
  2 ice beasts
  An ogre (D:7)
  A centaur (D:9)
  A lemure (D:5)
  2 kobold brigands
  2 gnoll sergeants
  4 bullfrogs
  A necrophage (D:7)
  4 scorpions
  4 wights
  Dowan (D:4)
  14 killer bees
  5 jellies
  3 howler monkeys
  3 hounds
  A lava snake (D:9)
  A gnoll bouda (D:8)
  An orc priest (D:5)
  Crazy Yiuf (D:3)
  4 orc wizards
  5 iguanas
  8 adders
  11 gnolls
  A shadow imp (D:7)
  2 white imps (D:7)
  2 ufetubi
  2 adder zombies (D:3)
  3 worms
  2 dart slugs
  24 orcs
  13 ball pythons
  2 endoplasms
  A giant cockroach (D:4)
  3 goblins
  8 hobgoblins
  2 quokkas (D:5)
  A ball python zombie (D:3)
  A bat (D:1)
  3 frilled lizards
  2 goblin skeletons (D:7)
  2 goblin zombies (D:7)
  2 hobgoblin zombies (D:7)
  A jackal zombie (D:3)
  18 kobolds
  2 orc zombies (D:7)
  7 rats
  A spectral hobgoblin (D:1)
210 creatures vanquished.

Vanquished Creatures (others)
  3 bushes (D:8)
  13 plants (D:8)
16 creatures vanquished.

Grand Total: 226 creatures vanquished

Notes
Turn   | Place    | Note
-------+----------+-------------------------------------------
     0 | D:1      | Flugslaktarn the Minotaur Fighter began the quest for the
                  | Orb.
     0 | D:1      | Reached XP level 1. HP: 19/19 MP: 0/0
   211 | D:1      | Reached XP level 2. HP: 27/27 MP: 1/1
   285 | D:1      | Found a faded altar of an unknown god.
   314 | D:1      | Reached skill level 3 in Axes
   678 | D:2      | Noticed Sigmund
   704 | D:2      | Killed Sigmund
   705 | D:2      | Reached skill level 4 in Axes
   705 | D:2      | Reached XP level 3. HP: 28/34 MP: 2/2
   705 | D:2      | Reached XP level 4. HP: 34/41 MP: 3/3
   705 | D:2      | Reached XP level 5. HP: 39/47 MP: 4/4
  1532 | D:3      | Reached skill level 5 in Axes
  1708 | D:3      | Found a basalt altar of Yredelemnul.
  1814 | D:3      | Found Xyucistuagg's Weapon Shop.
  1938 | D:3      | Found a runed translucent door.
  1939 | D:3      | Noticed Crazy Yiuf
  1948 | D:3      | Killed Crazy Yiuf
  1949 | D:3      | Reached XP level 6. HP: 11/55 MP: 5/5
  2180 | D:4      | Noticed Dowan
  2182 | D:4      | Noticed Duvessa
  2190 | D:4      | Reached skill level 5 in Fighting
  2190 | D:4      | Reached skill level 5 in Armour
  2195 | D:4      | Killed Duvessa
  2196 | D:4      | Reached skill level 5 in Shields
  2199 | D:4      | Killed Dowan
  2330 | D:4      | Reached skill level 6 in Axes
  2330 | D:4      | Reached XP level 7. HP: 58/61 MP: 6/6
  2851 | D:5      | Entered Level 5 of the Dungeon
  2870 | D:5      | Noticed Pikel
  3011 | D:5      | Killed Pikel
  3012 | D:5      | Reached skill level 7 in Axes
  3012 | D:5      | Reached XP level 8. HP: 44/70 MP: 7/7
  3467 | D:6      | Reached skill level 8 in Axes
  4105 | D:5      | Found a bloodstained altar of Trog.
  4262 | D:5      | Found a broken altar of Ashenzari.
  4283 | D:5      | Found Pen Any's General Store.
  4844 | D:6      | Reached skill level 9 in Axes
  4878 | D:6      | Identified the +9 dagger of Biuh {freeze, rC++ Dex-5}
  4918 | D:6      | Reached skill level 1 in Evocations
  4918 | D:6      | Reached XP level 9. HP: 79/79 MP: 8/8
  5522 | D:6      | Reached skill level 16 in Axes
  5522 | D:6      | Reached XP level 10. HP: 78/86 MP: 9/9
  5556 | D:6      | Found an opulent altar of Gozag.
  5603 | D:6      | Became a worshipper of Gozag Ym Sagoz the Greedy
  5919 | D:7      | Found a glowing golden altar of the Shining One.
  6131 | D:7      | Found a runed translucent gate.
  6131 | D:7      | Found a runed translucent gate.
  6131 | D:7      | Found a runed translucent gate.
  6428 | D:7      | Found an ornate altar of the Wu Jian Council.
  6451 | D:7      | Found a hazy altar of Hepliaklqana.
  6544 | D:7      | Found a staircase to the Ecumenical Temple.
  6624 | D:7      | Noticed rlgrobin's ghost (novice MeFi)
  6831 | D:8      | Noticed Maggie
  6841 | D:8      | Killed Maggie
  6904 | D:8      | Noticed Maurice
  6922 | D:8      | Killed Maurice
  7484 | D:8      | Found a shimmering altar of Xom.
  7555 | D:8      | Found a blossoming altar of Fedhas.
  7884 | D:9      | Found a radiant altar of Vehumet.
  7888 | D:9      | Reached XP level 11. HP: 83/94 MP: 10/10
  8147 | D:9      | Noticed kae's ghost (novice GrEE)
  8151 | D:9      | Found a runed translucent door.
  8290 | D:9      | Found a burning altar of Makhleb.
  8354 | D:9      | Found a stormy altar of Qazlal.
  8414 | D:9      | Found a glowing silver altar of Zin.
  8869 | D:10     | Entered Level 10 of the Dungeon
  8873 | D:10     | Found an iron altar of Okawaru.
  8956 | D:10     | You fall into a shaft and drop 2 floors!
  9280 | D:12     | Noticed an eight-headed hydra
  9284 | D:12     | Slain by an 11-headed hydra

Illustrated notes

Levels and vault maps discovered:
D:1:      shiori_shiawase, layout_rooms,
          dreamdust_ecumenical_altar_drowned_temple, serial_forest,
          infiniplex_forest_lined_3, infiniplex_forest_clump_double,
          infiniplex_forest_clump_small, infiniplex_forest_straight_2,
          infiniplex_forest_lined_room_3, infiniplex_forest_straight_4,
          infiniplex_forest_corner_1
D:2:      layout_basic, uniq_sigmund
D:3:      layout_rooms, nicolae_yredelemnul_corpse_copse, serial_shops, shop,
          chequers_serial_rivers_micro_a, hex_large, uniq_crazy_yiuf_cottage
D:4:      layout_basic, uniq_duvessa
D:5:      layout_basic, cheibrodos_ashenzari_chains,
          mainiacjoe_overflow_alcove_2, serial_shops, kennysheep_mini_moat,
          uniq_pikel
D:6:      layout_loops_corners, lemuel_crystal_altar
D:7:      layout_loops_cross, mainiacjoe_overflow_small_starburst,
          lemuel_crystal_altar, nicolae_tso_besieged_by_evil, temple_statues,
          gammafunk_ghost_icy
D:8:      layout_cave_pools, fedhas_altar_decomposition, xom_teletrap_fun,
          uniq_maggie, uniq_maurice
D:9:      layout_loops_corners, mainiacjoe_overflow_boulevard,
          nicolae_overflow_crystal_walls, mainiacjoe_overflow_catch_the_wave,
          hellmonk_ghost_happy_afterlife, minivault_21
D:10:     layout_roguey, kennysheep_okawaru_gauntlet
D:12:     layout_loops_cross, uniq_rupert

Skill      XL: |  1  2  3  4  5  6  7  8  9 10 11 |
---------------+----------------------------------+-----
Axes           | 4 5 6 7 9 16 | 16.9
Fighting       | 4 5 6 7 8 |  8.5
Armour         | 4 5 6 7 8 |  8.4
Shields        | 4 5 6 7 8 |  8.4
Evocations     | 1 2 3 |  3.4

Action                     |  1- 3 |  4- 6 |  7- 9 | 10-12 || total
---------------------------+-------+-------+-------+-------++-------
  Melee: War axe           |    41 |   109 |   165 |   239 ||   554
         Headbutt          |     3 |    15 |    35 |    45 ||    98
    Use: Scroll            |       |     7 |     7 |     8 ||    22
         Potion            |       |     3 |     1 |     2 ||     6
   Stab: Distracted        |       |       |     1 |     2 ||     3
 Armour: Scale mail        |    20 |    30 |       |       ||    50
         Skin              |     9 |       |       |       ||     9
         Chain mail        |       |    32 |    88 |    95 ||   215
  Dodge: Dodged            |    23 |    32 |    59 |    73 ||   187
  Block: Buckler           |     5 |    21 |    32 |    32 ||    90
         Kite shield       |       |       |       |    54 ||    54

Table legend: (Time is in decaauts)
 A = Elapsed time spent in this place.
 B = Non-inter-level travel time spent in this place.
 C = Inter-level travel time spent in this place.
 D = Time resting spent in this place.
 E = Time spent auto-exploring this place.
 F = Levels seen in this place.
 G = Mean time per level.
                   A        B        C        D        E       F      G
               +--------+--------+--------+--------+--------+-----+--------+
         Total |   9307 |   9050 |    257 |   1471 |   6243 |  11 |  846.1 |
       Dungeon |   9307 |   9050 |    257 |   1471 |   6243 |  11 |  846.1 |
               +--------+--------+--------+--------+--------+-----+--------+

Top non-repeatable levels by time:
     D:5: 1563 daAuts
     D:6: 1360 daAuts
     D:9: 1101 daAuts
     D:8: 961 daAuts
     D:7: 937 daAuts
     D:4: 809 daAuts
     D:3: 766 daAuts
     D:2: 749 daAuts
     D:1: 691 daAuts
    D:12: 326 daAuts
    D:10: 40 daAuts
